 Dungeon Crawl Stone Soup version 0.21.1-1-g345015f (webtiles) character file.

91 letownia2 the Magician (level 4, -2/30 HPs)
             Began as a Merfolk Wizard on Mar 9, 2018.
             Slain by a hobgoblin (5 damage)
             ... on level 3 of the Dungeon.
             The game lasted 00:07:34 (1350 turns).

letownia2 the Magician (Merfolk Wizard)             Turns: 1350, Time: 00:07:35

Health: -2/30      AC:  2    Str:  8    XL:     4   Next: 57%
Magic:  0/8        EV: 13    Int: 19    God:
Gold:   132        SH:  0    Dex: 12    Spells: 0/9 levels left

rFire    . . .     SeeInvis .   a - +0 spear
rCold    . . .     Gourm    .   (no shield)
rNeg     . . .     Faith    .   u - +0 robe
rPois    .         Spirit   .   b - +0 hat
rElec    .         Reflect  .   e - scarf {repulsion}
rCorr    .         Harm     .   (no gloves)
MR       .....                  (no boots)
Stlth    ++........             (no amulet)
HPRegen  0.10/turn              g - +2 ring of intelligence
MPRegen  0.11/turn              (no ring)

@: very slightly contaminated, repel missiles
A: change form in water, swift swim, stealthy swim
a: no special abilities


You were on level 3 of the Dungeon.
You were not hungry.

You visited 1 branch of the dungeon, and saw 4 of its levels.

You collected 132 gold pieces.

Inventory:

Hand Weapons
 a - a +0 spear (weapon)
 f - a +0 short sword
 v - a cursed +0 blowgun
Missiles
 w - 17 poisoned needles
Armour
 b - a +0 hat (worn)
 e - a scarf of repulsion (worn)
 m - a +2 robe of fire resistance
 r - a +0 leather armour
 u - a +0 robe (worn)
Jewellery
 g - a +2 ring of intelligence (left hand)
Scrolls
 h - 2 scrolls of identify {unknown}
 k - a scroll of enchant armour {unknown}
 n - a scroll of amnesia {unknown}
 p - a scroll of magic mapping {unknown}
 x - a scroll of teleportation {unknown}
 y - a scroll of immolation {unknown}
Potions
 i - a potion of agility {unknown}
 j - a potion of resistance {unknown}
 l - a potion of curing {unknown}
 o - a potion of lignification {unknown}
 q - a potion of heal wounds {unknown}
 s - a potion of brilliance {unknown}
 t - a potion of berserk rage {unknown}
 A - a potion of haste {unknown}
Books
 c - a book of Minor Magic

   Spells                             Type                      Level
   a - Magic Dart                     Conjuration                  1
   b - Blink                          Translocation                2
   c - Call Imp                       Summoning                    2
   d - Slow                           Hexes                        2
   e - Conjure Flame                  Conjuration/Fire             3
   f - Mephitic Cloud                 Conjuration/Poison/Air       3
Comestibles
 d - 5 rations


   Skills:
 + Level 0.9 Polearms
 - Level 2.6 Dodging
 - Level 2.1 Stealth
 - Level 3.0 Spellcasting
 - Level 1.6 Conjurations
 - Level 2.5 Summonings
   Level 0.7 Translocations
 + Level 0.1 Fire Magic
 + Level 1.2 Air Magic
 + Level 1.6 Poison Magic


You couldn't memorise any spells.
You knew the following spells:

 Your Spells              Type           Power        Failure   Level  Hunger
a - Magic Dart            Conj           #...         8%          1    None
c - Conjure Flame         Conj/Fire      #.......     32%         3    ###....
e - Mephitic Cloud        Conj/Pois/Air  #.......     24%         3    ###....
i - Call Imp              Summ           ##......     9%          2    ##.....


Dungeon Overview and Level Annotations

Branches:
Dungeon (4/15)
 Temple: D:4-7

Altars:
Ashenzari
Makhleb
Xom


Message History

You hit the hobgoblin.
The hobgoblin is severely wounded.
The hobgoblin misses you.
Unknown command.
Casting: Magic Dart
Confirm with . or Enter, or press ? or * to list all spells.
Aiming: Magic Dart
Press: ? - help, Shift-Dir - straight line, f/p - hobgoblin
Aim: a hobgoblin (moderately wounded)
The magic dart hits the hobgoblin.
The hobgoblin is moderately wounded.
The hobgoblin misses you.
Unknown command.
Attack whom?
Press: ? - help, Dir - move target cursor, f/p - hobgoblin
Aim: a hobgoblin (moderately wounded)
You hit the hobgoblin but do no damage.
The hobgoblin is moderately wounded.
The hobgoblin hits you.
You die...

## #.# #.# #.#
###.# #.# #...#
#.# ####.#.## #.#
#.......# #.##
#.#####.# #
#...##.# #.# .#
#....# #g# .##
#..#.# #@#
..#####..#.#####.#
.........#.......#
...####..######.##
....###..# #.#
.........# #.#
........(# #.#
...####.#######.#
.†.# #.........#


You could see a hobgoblin.

Vanquished Creatures
  A gnoll (D:2)
  2 dart slugs
  A leopard gecko (D:3)
  2 orcs (D:3)
  A bat skeleton (D:2)
  A giant cockroach (D:1)
  A goblin (D:2)
  5 hobgoblins
  3 jackals
  3 kobolds
  A ball python (D:1)
  A ball python zombie (D:2)
  4 bats
  6 frilled lizards
  3 rats
35 creatures vanquished.

Vanquished Creatures (collateral kills)
  2 gnolls (D:2)
  4 adders
  A worm (D:2)
  A dart slug (D:2)
  An orc (D:3)
  A goblin (D:3)
  A hobgoblin (D:2)
  2 jackals (D:2)
  2 rats
15 creatures vanquished.

Grand Total: 50 creatures vanquished

Notes
Turn   | Place    | Note
-------+----------+-------------------------------------------
     0 | D:1      | letownia2 the Merfolk Wizard began the quest for the Orb.
     0 | D:1      | Reached XP level 1. HP: 13/13 MP: 4/4
    26 | D:1      | Reached skill level 1 in Conjurations
   214 | D:1      | Reached XP level 2. HP: 11/19 MP: 4/6
   231 | D:1      | Learned a level 2 spell: Call Imp
   455 | D:2      | Reached XP level 3. HP: 13/24 MP: 0/7
   662 | D:1      | Learned a level 3 spell: Mephitic Cloud
   704 | D:2      | Found a burning altar of Makhleb.
   705 | D:2      | Found a shimmering altar of Xom.
   775 | D:2      | Reached skill level 1 in Poison Magic
   775 | D:2      | Reached XP level 4. HP: 7/30 MP: 0/8
   846 | D:2      | Reached skill level 1 in Air Magic
  1050 | D:4      | Noticed a phantom
  1092 | D:3      | Learned a level 3 spell: Conjure Flame
  1253 | D:3      | Found a shattered altar of Ashenzari.
  1306 | D:3      | HP: 1/30 [orc/morningstar (10)]
  1325 | D:3      | HP: 1/30 [hobgoblin (2)]
  1350 | D:3      | Slain by a hobgoblin

Skill      XL: |  1  2  3  4 |
---------------+-------------+-----
Conjurations   | 1 |  1.6
Summonings     | 2 |  2.5
Poison Magic   | 1 |  1.6
Air Magic      | 1 |  1.2
Polearms       | |  0.9
Dodging        | |  2.6
Stealth        | |  2.1
Spellcasting   | |  3.0
Translocations | |  0.7
Fire Magic     | |  0.1

Action                   |  1- 3 |  4- 6 || total
-------------------------+-------+-------++-------
Melee: Short sword       |    49 |     6 ||    55
       Spear             |       |    37 ||    37
 Cast: Magic Dart        |    53 |    29 ||    82
       Call Imp          |     7 |     7 ||    14
       Mephitic Cloud    |       |     2 ||     2
  Eat: Chunk             |       |     2 ||     2
Armor: Robe              |    11 |     9 ||    20
Dodge: Dodged            |    48 |    44 ||    92
       Deflected         |     1 |     2 ||     3
